Map: Odyssey LE

Players

ByuN

  • Race: Terran Terran
  • Spawn Location: 11:00

Zest - Winner!

  • Race: Protoss Protoss
  • League: Master
  • Spawn Location: 5:00

Event: HomeStory Cup XV

VOD

Have the link to the VOD?

Description

Time

  • Played on: July 23, 2017, 4:45 p.m.
  • Length: 16:02

All games in this series

Show
View Real Time Build Order
Export as new Build Order

ByuN Terran 

Build Orders: MMM Bio 

Get SALT Encoding   

  12  0:00  SCV  
  13  0:12  SCV  
  14  0:17  Supply Depot  
  14  0:24  SCV  
  15  0:38  SCV  
  15  0:40  Barracks  
  16  0:43  Refinery  
  16  0:50  SCV  
  17  1:02  SCV  
  18  1:15  SCV  
  19  1:27  Orbital Command, Marine  
  20  1:40  Command Center  
  20  1:45  Barracks Reactor  
  20  1:54  Supply Depot  
  20  1:55  SCV  
  21  2:04  Factory  
  22  2:08  SCV  
  22  2:14  Refinery  
  22  2:20  SCV  
  22  2:21  Marine x2  
  25  2:32  SCV  
  25  2:35  Barracks  
  26  2:39  Marine x2  
  28  2:44  SCV  
  28  2:49  Factory Tech Lab  
  29  2:54  Orbital Command  
  29  2:57  SCV  
  30  3:01  Marine  
  30  3:03  Marine  
  32  3:10  Siege Tank  
  32  3:12  SCV  
  36  3:21  Barracks Tech Lab  
  36  3:24  Marine  
  36  3:25  Marine, Engineering Bay  
  38  3:29  SCV x2  
  40  3:41  SCV x2  
  40  3:44  Siege Tank, Supply Depot  
  45  3:51  Marine, Missile Turret  
  46  3:59  Marine  
  46  4:01  SCV  
  46  4:05  Stimpack, Marine  
  46  4:06  SCV  
  46  4:07  Missile Turret  
  48  4:15  SCV  
  49  4:17  Marine x2  
  49  4:18  SCV  
  49  4:20  Supply Depot  
  52  4:24  Marine  
  52  4:27  SCV, Terran Infantry Weapons Level 1  
  54  4:34  Factory Reactor  
  54  4:41  Marine x2, SCV x2  
  54  4:45  Barracks  
  57  4:50  Supply Depot  
  57  4:51  Marine  
  58  4:54  SCV x2  
  60  5:03  Starport  
  60  5:06  SCV x2  
  62  5:08  Missile Turret  
  58  5:14  Marine  
  58  5:15  Marine x2  
  58  5:18  SCV x2  
  49  5:22  Widow Mine x2  
  53  5:32  Marine x2, Combat Shields  
  53  5:33  Marine  
  53  5:34  Bunker  
  53  5:35  Marine  
  57  5:41  Barracks  
  57  5:44  SCV x2  
  57  5:45  Barracks  
  59  5:50  Marine  
  59  5:51  Marine x2  
  59  5:53  Supply Depot  
  59  5:54  Marine  
  63  5:57  Factory Reactor  
  63  6:00  Medivac x2  
  67  6:11  Marauder, Marine, Refinery  
  70  6:12  Refinery  
  70  6:15  Marauder, Supply Depot  
  70  6:17  Supply Depot  
  72  6:18  SCV  
  72  6:19  SCV  
  73  6:33  Marine, Medivac x2  
  73  6:36  Barracks Reactor, Marine  
  73  6:37  Barracks Tech Lab  
  73  6:38  Marauder  
  81  6:41  Supply Depot  
  81  6:42  Marauder  
  81  6:44  Widow Mine  
  81  6:46  Widow Mine  
  87  6:53  Supply Depot  
  87  6:54  Marine  
  87  6:55  Marine  
  87  6:58  Supply Depot  
  91  7:01  Marauder x2  
  91  7:03  Marauder  
  91  7:04  SCV  
  91  7:08  Liberator  
  96  7:10  Liberator  
  96  7:14  Marine x3  
  99  7:19  SCV x2  
  103  7:23  Marauder x2  
  103  7:25  Marauder  
  113  7:33  Marine x2  
  113  7:35  Marine  
  113  7:36  Supply Depot  
  113  7:37  Marine  
  116  7:41  Supply Depot  
  117  7:50  Marauder x3  
  123  7:56  Missile Turret  
  122  8:01  Marine, Missile Turret  
  122  8:02  Missile Turret  
  122  8:04  Widow Mine  
  124  8:09  Marine  
  124  8:11  Marauder  
  114  8:16  Liberator  
  114  8:17  Marauder x2, Marine  
  114  8:19  Liberator  
  110  8:22  Marine  
  110  8:24  Widow Mine  
  113  8:29  Marine x2  
  121  8:44  Concussive Shells  
  121  8:47  Marauder  
  121  8:48  Marauder x2  
  126  8:49  Marine x2  
  126  8:51  Marine  
  126  8:53  Marine  
  130  9:01  Widow Mine x2  
  134  9:05  Liberator  
  134  9:07  Terran Infantry Armor Level 1  
  134  9:11  Marauder x3  
  140  9:17  Marine x2  
  140  9:21  Marine x2  
  131  9:35  Marauder x3, Marine x2  
  131  9:37  Widow Mine x2  
  117  9:39  Marine x2  
  91  9:53  Marine x2  
  91  9:56  Marauder x2, Marine  
  91  9:58  Marine  
  91  9:59  Marine  
  75  10:07  Orbital Command  
  75  10:09  Medivac x2  
  75  10:12  Marine  
  78  10:14  Marauder, Marine  
  78  10:17  Marauder  
  78  10:18  Marauder  
  78  10:21  Widow Mine  
  78  10:24  Marine  
  81  10:29  Liberator  
  81  10:30  Liberator  
  81  10:33  Marine x2  
  81  10:34  Marine  
  84  10:40  Widow Mine  
  92  10:53  Marauder, Marine  
  92  10:54  Marine  
  92  10:55  Marine  
  92  10:56  Marine  
  98  11:00  Marauder  
  98  11:02  Marauder  
  102  11:06  Widow Mine  
  102  11:10  Widow Mine  
  106  11:15  Marine x2  
  106  11:16  Marine x2  
  110  11:20  Marauder  
  110  11:21  Marauder  
  110  11:23  Marauder  
  116  11:34  Marine x4  
  116  11:35  Liberator, Refinery, Widow Mine  
  116  11:36  Refinery  
  116  11:39  Widow Mine  
  124  11:41  Marauder  
  124  11:42  Marine  
  124  11:44  Liberator, Marine  
  126  11:52  Marine  
  131  12:05  Marine x3  
  132  12:11  Marauder x3  
  132  12:13  Widow Mine x2  
  135  12:19  Marine  
  136  12:23  Marine  
  136  12:27  Marine x2  
  139  12:32  Marauder x2  
  139  12:33  Marauder, Supply Depot  
  139  12:35  Supply Depot  
  139  12:36  Marine  
  146  12:40  Marine  
  126  12:44  Marine, Widow Mine  
  126  12:50  Medivac  
  112  12:54  Marauder x3  
  112  12:57  Marine  
  112  12:58  Medivac  
  108  13:01  Marine  
  105  13:09  Widow Mine  
  105  13:12  Marine  
  108  13:13  Orbital Command  
  108  13:15  Marauder  
  110  13:20  Medivac  
  110  13:23  Marauder x2  
  110  13:24  Marine  
  110  13:26  Marine  
  117  13:29  Widow Mine  
  119  13:38  Marauder  
  119  13:41  Marine x2  
  121  13:44  Marauder  
  121  13:46  Medivac  
  127  13:51  Marine x2  
  131  13:55  Marauder  
  131  13:57  Widow Mine  
  131  14:00  Marauder  
  114  14:15  Marauder  
  99  14:17  Marauder  
  99  14:19  Marine x3  
  99  14:20  Marine  
  99  14:21  Widow Mine  
  99  14:26  Widow Mine  
  99  14:28  Armory  
  99  14:29  Marauder, Engineering Bay  
  101  14:37  Marauder, Marine x2  
  105  14:38  Marauder  
  105  14:41  Medivac  
  105  14:44  Marine x2, Refinery  
  105  14:45  Refinery  
  109  14:50  Marine  
  110  14:55  Marine x2  
  110  14:58  Marine  
  110  14:59  Marine  
  114  15:01  Marine, Medivac  
  114  15:02  Marine  
  118  15:08  Marine  
  118  15:10  Widow Mine  
  118  15:11  Widow Mine  
  118  15:12  Marine  
  118  15:13  Marine  
  125  15:15  Marine  
  125  15:17  Marine  
  125  15:19  Marine x2  
  129  15:26  Marine  
  130  15:30  Marine x2  
  130  15:33  Marine  
  130  15:35  Marine  
  134  15:37  Marine x2  
  134  15:43  Marine  
Show
View Real Time Build Order
Export as new Build Order

Zest Protoss - Winner!

Build Orders: 1 Gate Expand, Oracle Opening, Phoenix Opening, Zealot Archon 

Get SALT Encoding   

  12  0:01  Probe (Chrono Boost)  
  13  0:11  Probe (Chrono Boost)  
  14  0:16  Pylon  
  14  0:22  Probe (Chrono Boost)  
  15  0:35  Probe (Chrono Boost)  
  16  0:37  Gateway  
  16  0:45  Probe (Chrono Boost)  
  16  0:46  Assimilator  
  17  0:56  Probe (Chrono Boost)  
  18  1:06  Probe (Chrono Boost)  
  19  1:20  Nexus  
  19  1:31  Cybernetics Core  
  19  1:34  Probe (Chrono Boost)  
  19  1:39  Assimilator  
  20  1:45  Probe (Chrono Boost)  
  21  1:51  Pylon  
  21  1:55  Probe (Chrono Boost)  
  22  2:06  Probe (Chrono Boost)  
  23  2:10  Adept (Chrono Boost)  
  23  2:15  Stargate  
  25  2:18  Probe  
  26  2:23  Warp Gate  
  26  2:30  Probe  
  26  2:32  Probe  
  26  2:33  Adept (Chrono Boost)  
  30  2:42  Probe  
  30  2:43  Probe  
  32  2:53  Probe  
  32  2:54  Probe  
  32  2:57  Oracle (Chrono Boost)  
  37  3:04  Probe  
  37  3:06  Probe  
  39  3:15  Probe  
  39  3:18  Probe  
  41  3:21  Pylon  
  41  3:24  Gateway  
  41  3:25  Probe  
  42  3:29  Phoenix (Chrono Boost)  
  42  3:30  Probe  
  45  3:36  Probe  
  44  3:42  Probe  
  44  3:46  Probe  
  46  3:51  Phoenix (Chrono Boost)  
  46  3:54  Probe  
  49  4:05  Mothership Core  
  49  4:06  Nexus  
  49  4:07  Pylon  
  49  4:09  Assimilator  
  51  4:11  Assimilator  
  51  4:13  Phoenix (Chrono Boost)  
  53  4:21  Probe, Pylon  
  54  4:24  Probe  
  55  4:34  Phoenix (Chrono Boost)  
  55  4:38  Zealot, Stalker  
  59  4:50  Probe  
  59  4:51  Pylon, Probe  
  61  4:56  Phoenix (Chrono Boost)  
  63  5:00  Zealot  
  63  5:03  Zealot  
  67  5:10  Probe  
  67  5:11  Probe (Chrono Boost)  
  57  5:20  Probe (Chrono Boost)  
  55  5:22  Probe (Chrono Boost), Phoenix (Chrono Boost)  
  55  5:23  Probe (Chrono Boost)  
  59  5:31  Probe (Chrono Boost)  
  59  5:32  Probe (Chrono Boost)  
  59  5:33  Forge, Twilight Council  
  59  5:34  Probe (Chrono Boost)  
  62  5:41  Probe (Chrono Boost)  
  63  5:43  Probe (Chrono Boost)  
  63  5:44  Probe (Chrono Boost)  
  63  5:49  Stalker  
  67  5:50  Sentry  
  67  5:52  Probe (Chrono Boost)  
  67  5:53  Probe (Chrono Boost)  
  67  5:56  Phoenix  
  73  5:57  Probe (Chrono Boost)  
  73  6:02  Probe (Chrono Boost)  
  76  6:04  Probe (Chrono Boost)  
  76  6:13  Gateway x2  
  76  6:15  Gateway  
  76  6:17  Gateway  
  76  6:23  Charge (Chrono Boost)  
  76  6:26  Oracle  
  79  6:37  Protoss Ground Armor Level 1 (Chrono Boost), Zealot x2  
  83  6:43  Gateway  
  83  6:45  Gateway  
  83  6:46  Pylon  
  83  6:52  Pylon  
  83  6:54  Pylon  
  83  6:56  Pylon  
  83  6:59  Sentry x2  
  83  7:00  Pylon  
  87  7:02  Probe  
  87  7:03  Templar Archives  
  87  7:05  Probe  
  87  7:06  Probe  
  90  7:18  Zealot  
  90  7:19  Zealot x3  
  90  7:22  Phoenix  
  100  7:28  Zealot x2  
  104  7:42  High Templar  
  104  7:43  Zealot x4, High Templar  
  116  7:51  Archon  
  116  8:01  Zealot  
  114  8:10  Blink  
  114  8:11  Probe  
  97  8:13  Probe  
  97  8:17  Zealot x7  
  111  8:23  Oracle  
  111  8:25  Pylon  
  113  8:27  Protoss Ground Armor Level 2 (Chrono Boost)  
  113  8:28  Pylon  
  113  8:35  Pylon  
  113  8:37  Pylon  
  109  8:41  Zealot  
  109  8:42  Zealot x3  
  109  8:47  Zealot x3  
  119  8:50  Zealot  
  121  9:03  High Templar x3  
  121  9:04  High Templar  
  121  9:07  Archon x2  
  121  9:08  Zealot x3  
  135  9:14  Zealot  
  137  9:17  Phoenix  
  121  9:36  Zealot x7  
  121  9:38  Zealot  
  105  9:48  Probe  
  105  9:50  Probe  
  99  9:58  Probe  
  99  9:59  Zealot x7  
  96  10:11  Nexus  
  90  10:31  High Templar x4  
  90  10:32  Zealot x2, High Templar x2  
  106  10:36  Archon x3  
  106  10:46  Pylon  
  106  10:48  Protoss Ground Weapons Level 1 (Chrono Boost)  
  106  10:52  Phoenix  
  106  10:56  Probe  
  108  10:57  Probe x2  
  108  11:03  Zealot, Sentry  
  108  11:04  Zealot x6  
  127  11:17  Pylon x2, Phoenix  
  129  11:22  Robotics Facility  
  129  11:27  Zealot x4  
  129  11:28  Assimilator  
  137  11:37  Probe  
  137  11:39  Zealot x3, Probe x2  
  146  11:40  Zealot  
  148  11:48  Zealot x4  
  148  12:16  Protoss Ground Armor Level 3 (Chrono Boost)  
  148  12:18  High Templar x4  
  148  12:19  Zealot x4  
  164  12:23  Archon x2  
  164  12:25  Observer  
  104  12:54  Zealot x8  
  100  12:59  Phoenix  
  100  13:04  Immortal (Chrono Boost)  
  98  13:11  Pylon  
  98  13:12  Pylon  
  98  13:15  Zealot x8  
  114  13:20  Gateway  
  114  13:22  Gateway  
  114  13:25  Gateway  
  114  13:27  Gateway  
  110  13:38  High Templar x2  
  110  13:39  Zealot x4, High Templar x2  
  124  13:45  Archon  
  124  13:46  Archon  
  124  14:04  Zealot  
  124  14:05  Zealot x3  
  120  14:15  Zealot x4  
  118  14:21  Phoenix  
  118  14:24  Immortal (Chrono Boost)  
  114  14:30  Zealot x4  
  124  14:35  Assimilator  
  124  14:38  Zealot x2  
  124  14:39  Zealot x5  
  140  14:46  Mothership Core, Nexus  
  140  14:53  Zealot x2, Sentry  
  140  14:54  Zealot  
  140  14:57  Pylon  
  148  15:00  Pylon  
  148  15:05  Warp Prism (Chrono Boost)  
  148  15:06  Probe  
  150  15:07  Probe x3, Assimilator  
  150  15:08  Assimilator  
  153  15:22  High Templar  
  153  15:24  Zealot x6, High Templar  
  169  15:29  Archon  
  169  15:42  Zealot x3  
Tags
 
Add a new tag
Caveats
  • Supply blocks, unpowered buildings, or Contaminate may cause inaccurate times.
  • Supply counts are checked every 10 seconds.